 Dungeon Crawl Stone Soup version 0.32-a0-290-g598725c (webtiles) character file.

Game seed: 1745877908473345306

161 Dorkslayer the Ducker (level 5, -6/36 HPs)
             Began as an Octopode Fighter on Feb 12, 2024.
             Mangled by a goblin
             ... wielding a +0 club
             ... led by Robin
              (7 damage)
             ... on level 2 of the Dungeon.
             The game lasted 00:02:57 (1338 turns).

Dorkslayer the Ducker (Octopode Fighter)            Turns: 1338, Time: 00:02:57

Health: -6/36      AC:  1    Str: 17    XL:     5   Next: 42%
Magic:  5/5        EV: 13    Int: 11    God:
Gold:   60         SH:  4    Dex: 11    Spells: 4/4 levels left

rFire   . .          .
                       - Unarmed
rCold   . . .        a - +0 buckler
rNeg    . . .        (helmet restricted)
rPois   .            (no amulet)
rElec   .            (no ring)
rCorr   .            (no ring)
SInv    .            (no ring)
Will    .....        (no ring)
Stlth   +++          (no ring)
HPRegen 0.26/turn    (no ring)
MPRegen 0.09/turn    (no ring)
                     (no ring)

%: no passive effects
@: about to teleport
A: almost no armour, amphibious, 8 rings, camouflage 1, gelatinous body 1,
(nimble swimmer 1), tentacles
a: no special abilities


You were on level 2 of the Dungeon.
You visited 1 branch of the dungeon, and saw 2 of its levels.

You collected 60 gold pieces.

Inventory:

Hand Weapons
 g - a +0 mace
Armour
 a - a +0 buckler (worn)
Talismans
 f - a talisman of death
Scrolls
 i - a scroll of fear {unknown}
Potions
 b - a potion of brilliance
 e - a potion of cancellation {unknown}


   Skills:
 + Level 3.5 Fighting
 + Level 3.6 Dodging
 + Level 2.9 Stealth
 + Level 3.5 Shields
 * Level 3.6 Unarmed Combat


You had 4 spell levels left.
You didn't know any spells.
Your spell library contained the following spells:

 Spells                   Type           Power      Damage    Failure   Level
 Stone Arrow              Conj/Erth      0%         3d7       80%         3
 Lehudib's Crystal Spear  Conj/Erth      0%         10d2      100%        8
 Animate Armour           Summ/Erth      Unusable   N/A       N/A         4

Dungeon Overview and Level Annotations

Branches:
Dungeon (2/15)

Altars:

Shops:
D:1 :

Annotations:
D:2 Robin


Innate Abilities, Weirdness & Mutations

You cannot wear most types of armour.
You are amphibious.
You can wear up to eight rings at the same time.
Your skin changes colour to match your surroundings (Stealth+).
Your rubbery body absorbs attacks. (AC +1, EV +1)
((You are camouflaged when in or above water. (Stealth+)))
You have tentacles for arms and can constrict up to eight enemies at once.


Message History

The goblin hits you but does no damage. The goblin closely misses you.
Unknown command.
You barely miss the goblin. Your grab misses the goblin.
The goblin is severely wounded.
The goblin barely misses you. The goblin hits you with a +0 club.
* * * LOW HITPOINT WARNING * * *
Robin roars a battlecry!
The goblins go into a battle-frenzy!
You bludgeon the goblin!
You kill the goblin!
The goblin no longer looks unusually strong.
A goblin comes into view. It is wielding a +0 club.
The goblin hits you with a +0 club.
* * * LOW HITPOINT WARNING * * *
Unknown command.
The goblin shouts!
The hobgoblin no longer looks unusually strong.
Robin says, "My goblins will feast on your bones."
Robin throws the goblin at you!
* * * LOW HITPOINT WARNING * * *
The goblin attacks as it pursues you! The goblin hits you with a +0 club.
* * * LOW HITPOINT WARNING * * *
Items here: ))))))) †.
You tentacle-slap the goblin.
You kill the goblin!
The goblin no longer looks unusually strong.
The hobgoblin no longer looks unusually strong.
The goblin closely misses you.
Robin roars a battlecry!
The goblins go into a battle-frenzy!
Okay, then.
As you read the scroll labelled XYZEUQA ENACY, it crumbles to dust.
You feel strangely unstable.
It was a scroll of teleportation.
The goblin hits you with a +0 club.
* * * LOW HITPOINT WARNING * * *
As you read the scroll labelled KIJIAK HOEPT, it crumbles to dust.
It is a scroll of identify.
b - a potion of brilliance The goblin hits you with a +0 club!
You die...

#.#..########.#
............#.#
).#<........#.#
..##..#######.#
....>.# #.# .####.#
#.# .####.# #.#
.#....# #.#########.#
.#....# #..g@gg$gg..#
......# ##########..#
##...#################
.....................#
##...###############.#
######.............#.#
# #.###########.#.# #
#.#.........#.#.#
#.#.#######.#.#.#


You could see Robin, 2 hobgoblins and 2 goblins.

Vanquished Creatures
  6 gnolls
  2 adders (D:2)
  A ribbon worm (D:2)
  3 dart slugs
  2 ball pythons (D:2)
  An endoplasm (D:1)
  3 giant cockroaches
  5 hobgoblins
  3 jackals (D:1)
  2 quokkas (D:1)
  A bat (D:1)
  A frilled lizard (D:2)
  9 goblins
  5 kobolds
  2 rats
46 creatures vanquished.

Notes
Turn   | Place    | Note
-------+----------+-------------------------------------------
     0 | D:1      | Dorkslayer the Octopode Fighter began the quest for the
                  | Orb.
     0 | D:1      | Reached XP level 1. HP: 16/16 MP: 1/1
    98 | D:1      | Reached XP level 2. HP: 5/21 MP: 2/2
   234 | D:1      | Reached XP level 3. HP: 17/26 MP: 3/3
   540 | D:1      | Found Piotinku's Book Shoppe.
   707 | D:1      | Reached skill level 1 in Stealth
   728 | D:1      | Reached XP level 4. HP: 31/31 MP: 4/4
  1191 | D:2      | Reached XP level 5. HP: 34/36 MP: 5/5
  1317 | D:2      | Noticed Robin
  1337 | D:2      | HP: 1/36 [goblin/+0 club[Robin] (5)]
  1338 | D:2      | Mangled by a goblin

Illustrated notes

Levels and vault maps discovered:
D:1:      lightli_molten_gateway, layout_loops_ring, serial_shops, shop,
          minivault_23
D:2:      layout_basic, grunt_ministairs_8, uniq_crazy_yiuf_cottage, uniq_robin

Skill      XL: |  1  2  3  4 |
---------------+-------------+-----
Stealth        | 1 2 |  2.9
Unarmed Combat | 3 |  3.6
Fighting       | |  3.5
Dodging        | |  3.6
Shields        | |  3.5

Action                     |  1- 3 |  4- 6 || total
---------------------------+-------+-------++-------
  Melee: Unarmed           |    50 |    51 ||   101
         Constrict         |    10 |    13 ||    23
         Tentacles         |     6 |    13 ||    19
    Use: Potion            |       |     3 ||     3
         Scroll            |       |     2 ||     2
   Stab: Sleeping          |     7 |     5 ||    12
 Armour: Skin              |    16 |    32 ||    48
  Dodge: Dodged            |    16 |    28 ||    44
  Block: Buckler           |     9 |    13 ||    22

Table legend: (Time is in decaauts)
 A = Elapsed time spent in this place.
 B = Non-inter-level travel time spent in this place.
 C = Inter-level travel time spent in this place.
 D = Time resting spent in this place.
 E = Time spent auto-exploring this place.
 F = Levels seen in this place.
 G = Mean time per level.
                   A        B        C        D        E       F      G
               +--------+--------+--------+--------+--------+-----+--------+
         Total |   1335 |   1335 |      0 |     50 |    773 |   2 |  667.5 |
       Dungeon |   1335 |   1335 |      0 |     50 |    773 |   2 |  667.5 |
               +--------+--------+--------+--------+--------+-----+--------+

Top non-repeatable levels by time:
     D:1: 914 daAuts
     D:2: 421 daAuts
